 Dungeon Crawl Stone Soup version 0.31.0-12-g77e489cdc1 (webtiles) character file.

Game seed: 3913605686114324873

221 Dvallin the Changeling (level 5, -6/44 HPs)
             Began as a Naga Shapeshifter on Feb 22, 2024.
             Mangled by an orc
             ... wielding a +0 hand axe
              (7 damage)
             ... on level 4 of the Dungeon.
             The game lasted 00:10:01 (2519 turns).

Dvallin the Changeling (Naga Shapeshifter)          Turns: 2519, Time: 00:10:01

Health: -6/44      AC:  2    Str: 16    XL:     5   Next: 98%
Magic:  5/5        EV: 10    Int: 10    God:
Gold:   129        SH:  0    Dex: 13    Spells: 4/4 levels left

rFire   . .          .
                       - Unarmed
rCold   . . .        (no shield)
rNeg    . . .        a - +0 animal skin
rPois   +            (helmet currently unavailable)
rElec   .            (cloak currently unavailable)
rCorr   .            (gloves currently unavailable)
SInv    +            (no barding)
Will    .....        (no amulet)
Stlth   +            (no ring)
HPRegen 0.27/turn    (no ring)
MPRegen 0.09/turn

%: no passive effects
@: beast-form, very slow
A: beast (slay +2), AC +1, large, see invisible, deformed body, poison
resistance, slowness 2, spit poison 1, naga tail 1
a: Spit Poison, Begin Untransformation


You were on level 4 of the Dungeon.
You were a hulking beast.
You visited 1 branch of the dungeon, and saw 4 of its levels.

You collected 149 gold pieces.
You spent 20 gold pieces at shops.

Inventory:

Armour
 a - a +0 animal skin (worn)
 q - a scarf of repulsion
Talismans
 c - a beast talisman
 d - a flux talisman
Scrolls
 e - 2 scrolls of butterflies
 g - a scroll of enchant weapon
 h - a scroll of vulnerability
 j - a scroll of enchant armour
 k - 3 scrolls of teleportation
Potions
 b - a potion of lignification
 l - a potion of attraction {unknown}
 m - a potion of heal wounds {unknown}
 n - a potion of enlightenment {unknown}
 o - a potion of brilliance {unknown}
 p - a potion of degeneration {unknown}


   Skills:
 - Level 1.0 Fighting
 - Level 1.5 Dodging
 + Level 4.4 Unarmed Combat
 * Level 5.2 Shapeshifting


You had 4 spell levels left.
You didn't know any spells.
Your spell library contained the following spells:

 Spells                   Type           Power      Damage    Failure   Level
 Lesser Beckoning         Tloc           0%         N/A       50%         2
 Gell's Gravitas          Tloc           0%         N/A       75%         3
 Teleport Other           Tloc           0%         N/A       75%         3


Dungeon Overview and Level Annotations

Branches:
Dungeon (4/15)
 Temple: D:4-7

Altars:
Hepliaklqana

Shops:
D:3 ?[[?

Annotations:
D:3 2 runed translucent doors, jagang's ghost, amateur HuMo


Innate Abilities, Weirdness & Mutations

You are a hulking beast.
Your limbs bulge with bestial killing power. (Slay +2)
Your serpentine skin is tough. (AC +1)
You have supernaturally acute eyesight. (SInv)
Armour fits poorly on your strangely shaped body.
Your system is resistant to poisons. (rPois)
You cover ground very slowly.
You can spit poison.
You have a snake-like lower body.


Message History

Aiming: Spit Poison (1% risk of failure)
Press: ? - help, Shift-Dir - straight line, f - orc priest
Aim: an orc priest, wielding a +0 short sword of venom (59% to hit)
The splash of poison hits the orc!
The orc is poisoned.
You kill the orc!
The orc priest invokes the aid of Beogh against you.
Beogh smites you!
A dart slug comes into view.
You feel better.
A goblin comes into view. It is wielding a +0 dagger.
The goblin shouts!
You hit the orc.
The orc is heavily wounded.
You hear an angry hiss.
An orc comes into view. It is wielding a +0 whip.
The orc hits you with a +0 dagger.
You barely miss the orc.
The orc is heavily wounded.
A ball python comes into view.
An orc comes into view. It is wielding a +0 whip.
The orc hits you with a +0 dagger.
The orc shouts!
You punch the orc!
You kill the orc!
You punch the orc priest!
The orc priest is heavily wounded.
The orc hits you with a +0 hand axe.
The orc priest hits you with a +0 short sword of venom.
You hit the orc priest.
The orc priest is severely wounded.
You have got your breath back.
The orc priest invokes the aid of Beogh against you.
Beogh smites you!
* * * LOW HITPOINT WARNING * * *
You hit the orc priest but do no damage.
The orc priest is severely wounded.
The orc priest hits you with a +0 short sword of venom.
* * * LOW HITPOINT WARNING * * *
The orc hits you with a +0 hand axe!
You die...

..#..#............###
.###................#
##............##..###
.................##
..................#
...##............##
....##...........#
....###.....###).#
...## .:.### #oh#
..... # #.oo# .....
....og> .......wS.
......o....
............
.............
..............


You could see an orc priest, a dart slug, 4 orcs, a goblin and a ball python.

Vanquished Creatures
  A scorpion (D:4)
  A jelly (D:3)
  An iguana (D:4)
  5 adders
  A dart slug (D:4)
  7 orcs
  4 endoplasms
  4 giant cockroaches
  4 goblins
  7 hobgoblins
  4 jackals (D:3)
  7 kobolds
  2 quokkas
  6 ball pythons
  3 bats
  A frilled lizard (D:2)
  2 rats (D:1)
60 creatures vanquished.

Notes
Turn   | Place    | Note
-------+----------+-------------------------------------------
     0 | D:1      | Dvallin the Naga Shapeshifter began the quest for the Orb.
     0 | D:1      | Reached XP level 1. HP: 18/18 MP: 1/1
   162 | D:1      | Reached XP level 2. HP: 25/25 MP: 2/2
   712 | D:2      | Reached XP level 3. HP: 29/31 MP: 3/3
  1027 | D:2      | Reached skill level 4 in Shapeshifting
  1419 | D:3      | Reached XP level 4. HP: 35/38 MP: 4/4
  1486 | D:3      | Found Intiluem's Armour Shoppe.
  1498 | D:3      | Found Siphaunn's Magic Scroll Shoppe.
  1664 | D:3      | Found Yggucama's Armour Shop.
  1783 | D:3      | Found a hazy altar of Hepliaklqana.
  1837 | D:3      | Found a large runed translucent door.
  1837 | D:3      | Found a large runed translucent door.
  1841 | D:3      | Noticed jagang's ghost (amateur HuMo)
  1885 | D:3      | Reached XP level 5. HP: 44/44 MP: 5/5
  1980 | D:3      | Found Oroclus's Magic Scroll Shop.
  1995 | D:3      | Bought a scroll of identify for 20 gold pieces
  2312 | D:4      | Reached skill level 5 in Shapeshifting
  2519 | D:4      | HP: 1/44 [orc priest/+0 short sword of venom (5)]
  2519 | D:4      | Mangled by an orc

Illustrated notes

Levels and vault maps discovered:
D:1:      kennysheep_arrival_seaside, layout_rooms, minmay_misc_feat_tower,
          hex_large
D:2:      layout_loops_ring
D:3:      layout_basic, nzn_hepliaklqana_mist_gate, ebering_ghost_disaster_area,
          serial_shops, shop, shop, shop, nicolae_shop_rolling_square
D:4:      layout_cave_pools, serial_column_ruins, column_ruins_grid_2,
          column_ruins_grid_1, column_ruins_open_tiny

Skill      XL: |  1  2  3  4  5 |
---------------+----------------+-----
Shapeshifting  | 4 5 |  5.2
Unarmed Combat | 4 |  4.4
Fighting       | |  1.0
Dodging        | |  1.5

Action                     |  1- 3 |  4- 6 || total
---------------------------+-------+-------++-------
  Melee: Unarmed           |    71 |    74 ||   145
         Punch             |     1 |     4 ||     5
Ability: Spit Poison       |    26 |    17 ||    43
    Use: Scroll            |       |     5 ||     5
         Potion            |       |     4 ||     4
   Stab: Invisible         |       |     3 ||     3
 Armour: Animal skin       |    44 |    39 ||    83
         Skin              |       |    17 ||    17
  Dodge: Dodged            |    35 |    28 ||    63
